[Event "Titled Tuesday Blitz November 07 Early 2023"]
[White "Ovetchkin, Roman"]
[Black "Goh, Zi Han"]
[WhiteFideId "4119991"]
[BlackFideId "5819156"]
[WhiteElo "2680"]
[BlackElo "2336"]
[Result "1-0"]
[Round "4"]
[TimeControl "180+1"]
[Date "2023.11.07"]
[WhiteClock "0:00:18"]
[BlackClock "0:00:01"]
[Board "95"]

1. d4 d5 2. c4 c6 3. Nf3 Nf6 4. Qc2 dxc4 5. e4 b5 6. b3 cxb3 7. axb3 Bb7 8. Bd3 e6 9. Bd2 Be7 10. O-O Qc8 11. Rc1 Na6 12. Ne5 Nb4 13. Bxb4 Bxb4 14. Nxc6 Bxc6 15. Qxc6+ Qxc6 16. Rxc6 O-O 17. e5 Nd5 18. Bxb5 Rfc8 19. Rxa7 g6 20. Rxa8 Rxa8 21. Ba4 Kg7 22. g3 h5 23. h4 Rd8 24. Kf1 Kh6 25. Ke2 g5 26. hxg5+ Kxg5 27. Nd2 Nc3+ 28. Kd3 Nxa4 29. Ne4+ Kg4 30. bxa4 Kf3 31. Rc7 Rf8 32. Rb7 Be1 33. Ng5+ Kxf2 34. Nxf7 Kxg3 35. Ng5 h4 36. Rg7 Kf2 37. Rh7 Kg3 38. Nxe6 Re8 39. Ng5 Ra8 40. Ne4+ Kf3 41. Nc5 Bf2 42. e6 Kg2 43. Rg7+ Kh2 44. Ne4 Bg3 45. e7 h3 46. Nxg3 Ra5 47. e8=Q Rxa4 48. Qe2+ Kg1 49. Nf1+ Kh1 50. Qh2# 1-0


[Site "https://www.chess.com"]

[Event "Titled Tuesday Blitz November 07 Early 2023"]
[White "Yen, William"]
[Black "MIss_MIaMI"]
[WhiteFideId "30932025"]
[WhiteElo "2679"]
[BlackElo "2334"]
[Result "1-0"]
[Round "4"]
[TimeControl "180+1"]
[Date "2023.11.07"]
[WhiteClock "0:00:25"]
[BlackClock "0:00:00"]
[Board "96"]

1. e4 c5 2. Nf3 e6 3. b3 Nc6 4. Bb2 d6 5. Bb5 Qb6 6. Qe2 Bd7 7. Nc3 a6 8. Bxc6 Qxc6 9. O-O-O Nf6 10. e5 dxe5 11. Nxe5 Qc7 12. g4 b5 13. g5 b4 14. gxf6 bxc3 15. dxc3 Bc6 16. Nxc6 Qxc6 17. c4 g6 18. h4 h5 19. Kb1 a5 20. a4 Bh6 21. Rhg1 Rd8 22. Qe5 Rxd1+ 23. Rxd1 O-O 24. Rd6 Qh1+ 25. Ka2 Qxh4 26. Qxc5 Qg5 27. Qxg5 Bxg5 28. Be5 h4 29. c5 h3 30. c6 h2 31. Bxh2 Bxf6 32. c7 Rc8 33. Rb6 Kf8 34. Rb8 Kg7 35. Rxc8 1-0


[Site "https://www.chess.com"]

[Event "Titled Tuesday Blitz November 07 Early 2023"]
[White "Napoli, Nicolo"]
[Black "Mamedov, Edgar"]
[WhiteFideId "813702"]
[BlackFideId "13739980"]
[WhiteElo "2331"]
[BlackElo "2677"]
[Result "0-1"]
[Round "4"]
[TimeControl "180+1"]
[Date "2023.11.07"]
[WhiteClock "0:00:11"]
[BlackClock "0:01:46"]
[Board "97"]

1. d4 d5 2. Nf3 Nf6 3. g3 Bf5 4. Bg2 e6 5. O-O Nbd7 6. c4 c6 7. Nbd2 h6 8. Qb3 Qb6 9. Qxb6 axb6 10. b3 b5 11. Bb2 b4 12. Ne5 Be7 13. Rfe1 O-O 14. e4 dxe4 15. Nxe4 Bxe4 16. Nxd7 Bxg2 17. Nb6 Ra6 0-1


[Site "https://www.chess.com"]

[Event "Titled Tuesday Blitz November 07 Early 2023"]
[White "Bogaudinov, Rushan"]
[Black "Perdomo, Leandro"]
[WhiteFideId "4129288"]
[BlackFideId "109746"]
[WhiteElo "2320"]
[BlackElo "2674"]
[Result "0-1"]
[Round "4"]
[TimeControl "180+1"]
[Date "2023.11.07"]
[WhiteClock "0:00:16"]
[BlackClock "0:00:17"]
[Board "98"]

1. e4 e5 2. Nf3 Nc6 3. Bb5 a6 4. Ba4 Nf6 5. O-O Be7 6. Re1 b5 7. Bb3 d6 8. h3 Na5 9. c3 Nxb3 10. axb3 O-O 11. d4 Bb7 12. Nbd2 Re8 13. Qc2 exd4 14. Nxd4 Bf8 15. b4 c5 16. Nf5 Qd7 17. Ng3 cxb4 18. cxb4 d5 19. e5 Bxb4 20. Re3 Ne4 21. Ndxe4 dxe4 22. Nxe4 Rxe5 23. Nc3 Rg5 24. Rg3 Rxg3 25. fxg3 Bd6 26. Bf4 Bxf4 27. gxf4 Qc6 28. Qf2 Rd8 29. Rd1 Rxd1+ 30. Nxd1 h6 31. Kh2 Qc1 32. Qd4 Qc2 33. Ne3 Qf2 34. Qd8+ Kh7 35. Qd3+ g6 36. f5 Qf4+ 37. Kg1 Be4 38. fxg6+ Bxg6 39. Qe2 Qe4 40. Qf2 h5 41. g4 Qb1+ 42. Kh2 Qe4 43. gxh5 Qe5+ 44. Qg3 Qxg3+ 45. Kxg3 Bxh5 46. b4 Be2 47. Nd5 Bc4 48. Nc7 Kg6 49. Nxa6 Kg5 50. Nc5 f5 51. Ne6+ Bxe6 52. h4+ Kf6 53. Kf4 Bf7 54. Ke3 Ke5 55. Kf3 f4 56. Kg4 Be6+ 57. Kg5 f3 58. h5 f2 59. h6 f1=Q 60. Kg6 Qf7+ 61. Kg5 Qf5+ 62. Kh4 Qg4# 0-1


[Site "https://www.chess.com"]

[Event "Titled Tuesday Blitz November 07 Early 2023"]
[White "Biernacki, Mark"]
[Black "Arifarsky"]
[WhiteFideId "2082322"]
[WhiteElo "2318"]
[BlackElo "2673"]
[Result "0-1"]
[Round "4"]
[TimeControl "180+1"]
[Date "2023.11.07"]
[WhiteClock "0:00:08"]
[BlackClock "0:00:09"]
[Board "99"]

1. e4 e5 2. Nf3 Nc6 3. Bc4 Bc5 4. c3 Nf6 5. d4 exd4 6. e5 d5 7. Be2 Ne4 8. cxd4 Bb4+ 9. Bd2 Be7 10. O-O O-O 11. Nc3 Nxc3 12. bxc3 Be6 13. Rb1 Rb8 14. Qa4 f6 15. exf6 Bxf6 16. Bd3 Qd7 17. Be3 Bf5 18. Bxf5 Qxf5 19. Rb5 a6 20. Rc5 Be7 21. Rxc6 bxc6 22. Ne5 Rb1 23. Qxc6 Rxf1+ 24. Kxf1 Qb1+ 25. Ke2 Qxa2+ 26. Ke1 Bd6 27. f4 Rb8 28. Bd2 Qb1+ 29. Kf2 Qa2 30. Ke3 Rd8 31. h3 h6 32. g4 Bxe5 33. dxe5 Qc4 34. Qe6+ Kh8 35. Kf2 Qd3 36. Be3 Qc2+ 37. Kf3 Qxc3 38. Qe7 Rg8 39. Kg2 Qxe3 40. f5 Rb8 41. f6 Rb2+ 42. Kh1 Qc1# 0-1


[Site "https://www.chess.com"]

[Event "Titled Tuesday Blitz November 07 Early 2023"]
[White "Balla, Tamas-Kristof"]
[Black "Mgeladze, Tamaz"]
[WhiteFideId "1208497"]
[BlackFideId "13601202"]
[WhiteElo "2317"]
[BlackElo "2671"]
[Result "0-1"]
[Round "4"]
[TimeControl "180+1"]
[Date "2023.11.07"]
[WhiteClock "0:00:00"]
[BlackClock "0:00:07"]
[Board "100"]

1. e4 c5 2. c3 Nf6 3. e5 Nd5 4. d4 cxd4 5. Nf3 Nc6 6. cxd4 d6 7. Bc4 dxe5 8. dxe5 Be6 9. O-O g6 10. Ng5 Bg7 11. Nxe6 fxe6 12. f4 Qb6+ 13. Kh1 Rd8 14. Qb3 O-O 15. Nc3 Nd4 16. Qa4 Nf5 17. Ne4 Qd4 18. Ng5 Rc8 19. Bb3 Qxa4 20. Bxa4 Nfe3 21. Bxe3 Nxe3 22. Rf3 Nc2 23. Bxc2 Rxc2 24. Nxe6 Rfc8 25. h3 Rxb2 26. Rd1 Kf7 27. Ng5+ Ke8 28. Rfd3 Rxa2 29. Ne6 Kf7 30. Ng5+ Ke8 31. Ne6 Bf8 32. Ng5 h6 33. Ne4 Kf7 34. Rd7 Rcc2 35. Rg1 b5 36. Rb7 a6 37. Nd6+ Ke6 38. Ne4 Kf5 39. Ng3+ Kxf4 40. Nf1 Kxe5 41. Rd7 e6 42. Nh2 Bc5 43. Ng4+ Kf4 44. Rf1+ Kg5 45. g3 h5 46. h4+ Kxg4 47. Rf4+ Kh3 0-1


[Site "https://www.chess.com"]

[Event "Titled Tuesday Blitz November 07 Early 2023"]
[White "Degenbaev, Aziz"]
[Black "Lesbekova, Assel"]
[WhiteFideId "13802640"]
[BlackFideId "13713248"]
[WhiteElo "2669"]
[BlackElo "2307"]
[Result "1-0"]
[Round "4"]
[TimeControl "180+1"]
[Date "2023.11.07"]
[WhiteClock "0:00:19"]
[BlackClock "0:00:22"]
[Board "101"]

1. e4 e5 2. Nf3 Nf6 3. Nxe5 Nxe4 4. Qe2 Qe7 5. Qxe4 d6 6. Bc4 Qxe5 7. Qxe5+ dxe5 8. O-O Nc6 9. c3 Bd6 10. Re1 O-O 11. Bd5 Ne7 12. Bb3 a5 13. a4 Bf5 14. Na3 Ng6 15. Nb5 Nf4 16. d4 Nd3 17. Rd1 Nxc1 18. Raxc1 e4 19. Nxd6 cxd6 20. Bd5 Rab8 21. Re1 Rfe8 22. b4 b6 23. b5 Kf8 24. c4 Bg6 25. c5 dxc5 26. dxc5 bxc5 27. Rxc5 f5 28. Rc7 Red8 29. Be6 Rd4 30. Ra1 Rbd8 31. h4 R8d6 32. Bc4 Rd7 33. Rxd7 Rxd7 34. b6 Rd8 35. b7 Be8 36. Bd5 Ke7 37. Rc1 Rb8 38. Rc8 1-0


[Site "https://www.chess.com"]

[Event "Titled Tuesday Blitz November 07 Early 2023"]
[White "Jakubowski, Krzysztof"]
[Black "Kohler, Aran"]
[WhiteFideId "1112848"]
[BlackFideId "1002856"]
[WhiteElo "2668"]
[BlackElo "2299"]
[Result "1-0"]
[Round "4"]
[TimeControl "180+1"]
[Date "2023.11.07"]
[WhiteClock "0:00:58"]
[BlackClock "0:00:23"]
[Board "102"]

1. e4 c6 2. Nf3 d5 3. d3 dxe4 4. dxe4 Qxd1+ 5. Kxd1 Bg4 6. Be2 Nd7 7. Ne1 Bxe2+ 8. Kxe2 e5 9. Nd3 Ngf6 10. f3 Bd6 11. Be3 b6 12. Nd2 O-O 13. a4 a5 14. Rhd1 Bc7 15. Ra3 Rab8 16. Rc3 c5 17. Nc4 Rfe8 18. Na3 Rbd8 19. b3 Nb8 20. Nb5 Rd7 21. Nb2 Bd8 22. Rcd3 Rxd3 23. Rxd3 Nc6 24. c3 Be7 25. Nc4 Bd8 26. g4 h6 27. Ncd6 Re7 28. h4 Bc7 29. Nf5 Bd8 30. Rxd8+ Nxd8 31. Nxe7+ Kf8 32. Nc8 Nd7 33. Kd3 Ke8 34. Nc7+ Kf8 35. Kc4 1-0


[Site "https://www.chess.com"]

[Event "Titled Tuesday Blitz November 07 Early 2023"]
[White "Borgaonkar Akshay"]
[Black "Belanoff, Ted"]
[WhiteFideId "25639110"]
[BlackFideId "2070588"]
[WhiteElo "2661"]
[BlackElo "2298"]
[Result "1-0"]
[Round "4"]
[TimeControl "180+1"]
[Date "2023.11.07"]
[WhiteClock "0:00:23"]
[BlackClock "0:00:33"]
[Board "103"]

1. c4 c5 2. g3 Nf6 3. Bg2 g6 4. b3 Bg7 5. Bb2 Nh5 6. Nc3 Nc6 7. Nf3 O-O 8. O-O e5 9. d3 f5 10. Nd2 f4 11. Nde4 fxg3 12. hxg3 Nf6 13. Nd6 Nd4 14. Nxc8 Qxc8 15. e3 Ne6 16. Nd5 Nxd5 17. Bxd5 Qe8 18. Qg4 Rb8 19. Rae1 Kh8 20. f4 exf4 21. Bxg7+ Nxg7 22. exf4 Qd8 23. Kg2 Nf5 24. Rh1 Qf6 25. Re2 Rbe8 26. Rhe1 Rxe2+ 27. Rxe2 d6 28. Bxb7 Rf7 29. Bd5 Re7 30. Rxe7 Qxe7 31. Qf3 Qe1 32. Qf2 Qd1 33. Be4 Nd4 34. b4 Kg7 35. bxc5 dxc5 36. Qb2 Kh6 37. Qf2 a5 38. f5 gxf5 39. Bxf5 Nxf5 40. Qxf5 Qe2+ 41. Kh3 Qxa2 42. Qf6+ Kh5 43. g4# 1-0


[Site "https://www.chess.com"]

[Event "Titled Tuesday Blitz November 07 Early 2023"]
[White "Kleiman, Jake"]
[Black "Rodriguez Dominguez, Melissa"]
[WhiteFideId "2020041"]
[BlackFideId "3517560"]
[WhiteElo "2661"]
[BlackElo "2256"]
[Result "1-0"]
[Round "4"]
[TimeControl "180+1"]
[Date "2023.11.07"]
[WhiteClock "0:00:08"]
[BlackClock "0:00:00"]
[Board "104"]

1. e4 c5 2. c3 Nf6 3. e5 Nd5 4. Bc4 Nb6 5. Bb3 c4 6. Bc2 Nc6 7. Nf3 d5 8. exd6 Qxd6 9. Qe2 Bg4 10. Na3 Ne5 11. Be4 Nd3+ 12. Bxd3 cxd3 13. Qe4 Bxf3 14. Qxf3 Qe5+ 15. Qe3 Qxe3+ 16. dxe3 O-O-O 17. e4 e5 18. b3 d2+ 19. Bxd2 Bxa3 20. Ke2 Rd7 21. Be3 Bb2 22. Rab1 Bxc3 23. a4 Bd4 24. Bc1 Rc7 25. a5 Nd7 26. Bd2 Nc5 27. f3 Kb8 28. Rhd1 Rhc8 29. Be1 Ne6 30. Kf1 f6 31. g3 Rc2 32. Bd2 Bc3 33. Be3 Nd4 34. Rd3 Nxf3 35. h4 Bd4 36. Bxd4 Nxd4 37. b4 Rc1+ 38. Rxc1 Rxc1+ 39. Kf2 Rb1 40. Rc3 Rxb4 41. Rc5 Rb2+ 42. Ke3 Rb3+ 43. Kf2 Ra3 44. Rd5 Nb3 45. Rd7 Rxa5 46. Rxg7 Nd4 47. Rxh7 b5 48. Rf7 b4 49. h5 Ne6 50. h6 Ng5 51. Rg7 Nxe4+ 52. Kg2 Ra4 53. h7 Ra2+ 54. Kh3 Nf2+ 55. Kh4 1-0


[Site "https://www.chess.com"]

[Event "Titled Tuesday Blitz November 07 Early 2023"]
[White "Melian, Juan Sebastian"]
[Black "Witty_Alien"]
[WhiteFideId "3706575"]
[WhiteElo "2659"]
[BlackElo "2252"]
[Result "1-0"]
[Round "4"]
[TimeControl "180+1"]
[Date "2023.11.07"]
[WhiteClock "0:00:10"]
[BlackClock "0:00:02"]
[Board "105"]

1. d4 e5 2. dxe5 d6 3. Nf3 Nc6 4. exd6 Bxd6 5. e4 Nf6 6. Bd3 Bg4 7. h3 Be6 8. Qe2 Qd7 9. e5 Bb4+ 10. c3 O-O-O 11. exf6 Rhe8 12. Be3 gxf6 13. O-O Bxh3 14. Nh4 Rg8 15. g3 Bd6 16. Kh2 Ne5 17. Be4 Kb8 18. Re1 Rg4 19. Bf5 Rxh4 20. Bxd7 Bg4+ 21. gxh4 Nf3+ 22. Kg2 Nxh4+ 23. Kg1 Bxe2 24. Rxe2 Rxd7 25. Nd2 Rd8 26. f4 Re8 27. Kf2 Nf5 28. Rg1 Nxe3 29. Rge1 Bc5 30. Kf3 Rd8 31. Rxe3 Bxe3 32. Kxe3 Re8+ 33. Kf2 Rd8 34. Re2 b5 35. Ne4 f5 36. Ng5 f6 37. Nxh7 Rd6 38. Nf8 Ra6 39. a3 Ra4 40. Nd7+ Kb7 41. Nc5+ Kb6 42. Nxa4+ Ka5 43. Nc5 c6 44. b4+ Kb6 45. Re7 a6 46. Rb7# 1-0


[Site "https://www.chess.com"]

[Event "Titled Tuesday Blitz November 07 Early 2023"]
[White "Skuhala, Barbara"]
[Black "Skliarov, Viktor"]
[WhiteFideId "14605465"]
[BlackFideId "14106736"]
[WhiteElo "2238"]
[BlackElo "2659"]
[Result "0-1"]
[Round "4"]
[TimeControl "180+1"]
[Date "2023.11.07"]
[WhiteClock "0:00:02"]
[BlackClock "0:00:04"]
[Board "106"]

1. e4 c5 2. Nf3 Nc6 3. Nc3 Nf6 4. d4 cxd4 5. Nxd4 e5 6. Ndb5 d6 7. Bg5 a6 8. Na3 b5 9. Bxf6 gxf6 10. Nd5 f5 11. g3 fxe4 12. Bg2 Bg7 13. O-O O-O 14. Bxe4 f5 15. Bg2 Be6 16. Qh5 Rc8 17. c3 Kh8 18. Rad1 Ne7 19. Nxe7 Qxe7 20. Bd5 Rc5 21. Bxe6 Qxe6 22. Qe2 Qxa2 23. Rxd6 Rxc3 24. Rxa6 Rb3 25. Ra7 Rxb2 26. Qh5 b4 27. Nb5 Qd5 28. Nc7 Qf7 29. Qg5 e4 30. Rd1 Qf6 31. Qxf6 Bxf6 32. Ne6 Rc8 33. Rf7 Be5 34. Rdd7 e3 35. Ng5 e2 36. Nf3 Rb1+ 37. Kg2 e1=Q 38. Nxe1 Rxe1 39. Rxh7+ Kg8 40. Rhe7 Rb8 41. h4 b3 42. f4 Bc3 43. Rh7 b2 0-1


[Site "https://www.chess.com"]

[Event "Titled Tuesday Blitz November 07 Early 2023"]
[White "Yelisieiev, Yevhenii"]
[Black "missponyo10"]
[WhiteFideId "14139642"]
[WhiteElo "2658"]
[BlackElo "2022"]
[Result "1-0"]
[Round "4"]
[TimeControl "180+1"]
[Date "2023.11.07"]
[WhiteClock "0:00:55"]
[BlackClock "0:00:05"]
[Board "107"]

1. d4 d5 2. Nf3 c6 3. c4 Nf6 4. Nc3 e6 5. Bg5 h6 6. Bh4 dxc4 7. e3 g5 8. Bg3 b5 9. h4 g4 10. Ne5 h5 11. Be2 Bd6 12. O-O Bxe5 13. dxe5 Qxd1 14. Rfxd1 Nd5 15. Ne4 Na6 16. a4 Nac7 17. Nd6+ Ke7 18. e4 Nb6 19. axb5 cxb5 20. Bf4 Bd7 21. Bg5+ Kf8 22. Ra5 Bc6 23. Be3 Nd7 24. Bxa7 Nxe5 25. Bb6 Rxa5 26. Bxa5 Ne8 27. Bc3 f6 28. f4 gxf3 29. gxf3 Rg8+ 30. Kf2 Bd7 31. Bxe5 fxe5 32. Nxc4 bxc4 33. Rxd7 Rg7 34. Rxg7 Nxg7 35. Bxc4 Ke7 36. Ke3 Kd6 37. b4 Ne8 38. f4 Nf6 39. b5 Ng4+ 40. Kf3 Nh2+ 41. Kg2 Ng4 42. Kg3 exf4+ 43. Kxf4 e5+ 44. Kg5 Nf2 45. Bd5 Kc5 46. Bc6 Nd3 47. Kxh5 Nf4+ 48. Kg4 Ng6 49. h5 Ne7 50. h6 Nxc6 51. bxc6 Kxc6 52. h7 1-0


[Site "https://www.chess.com"]

[Event "Titled Tuesday Blitz November 07 Early 2023"]
[White "Perez Cruz, Adianet"]
[Black "Souleidis, Georgios"]
[WhiteFideId "3510115"]
[BlackFideId "4206827"]
[WhiteElo "1966"]
[BlackElo "2615"]
[Result "1/2-1/2"]
[Round "4"]
[TimeControl "180+1"]
[Date "2023.11.07"]
[WhiteClock "0:00:22"]
[BlackClock "0:00:02"]
[Board "108"]

1. d4 Nf6 2. Bg5 d5 3. e3 c5 4. c3 Ne4 5. Bf4 Nc6 6. Nf3 e6 7. Bd3 Qb6 8. Qb3 cxd4 9. Qxb6 axb6 10. exd4 Na5 11. Nbd2 Nxd2 12. Kxd2 f6 13. Rhe1 Kf7 14. h4 g6 15. g4 h6 16. g5 hxg5 17. hxg5 Rh3 18. Ng1 Rh4 19. Bg3 Rh5 20. gxf6 Bh6+ 21. Kc2 Kxf6 22. Nf3 Bd7 23. Ne5 Be8 24. Ng4+ Kf7 25. Rh1 Bg7 26. Be5 Nc4 27. Bxg7 Kxg7 28. Bxc4 dxc4 29. Rxh5 gxh5 30. Ne5 b5 31. a3 Kf6 32. Rg1 Bc6 33. Rg6+ Kf5 34. Rh6 Kg5 35. Rxe6 h4 36. Rg6+ Kh5 37. Rg7 Rh8 38. Kd2 h3 39. Ng6 Rh6 40. Nf4+ Kh4 41. Ng6+ Kh5 42. Nf4+ Kh4 43. Ng6+ Kh5 1/2-1/2


[Site "https://www.chess.com"]

[Event "Titled Tuesday Blitz November 07 Early 2023"]
[White "Horak, Martin"]
[Black "Elsa167"]
[WhiteFideId "367095"]
[WhiteElo "2523"]
[BlackElo "2981"]
[Result "0-1"]
[Round "4"]
[TimeControl "180+1"]
[Date "2023.11.07"]
[WhiteClock "0:00:07"]
[BlackClock "0:00:27"]
[Board "109"]

1. d4 Nf6 2. Nf3 e6 3. c4 c5 4. g3 cxd4 5. Nxd4 Qc7 6. b3 d5 7. Nd2 e5 8. Nb5 Qb6 9. Bg2 Bc5 10. O-O d4 11. Ba3 a6 12. Bxc5 Qxc5 13. b4 Qb6 14. Na3 Qxb4 15. Nc2 Qe7 16. e3 d3 17. Ne1 O-O 18. Nxd3 Rd8 19. Qc2 Bf5 20. e4 Bg4 21. Nb3 Nc6 22. f3 Be6 23. c5 Rac8 24. Rac1 Bxb3 25. Qxb3 Nd4 26. Qb2 Nd7 27. Rf2 Nxc5 28. Nb4 Na4 29. Qb1 Rxc1+ 0-1


[Site "https://www.chess.com"]

[Event "Titled Tuesday Blitz November 07 Early 2023"]
[White "Rasulov, Vugar"]
[Black "Kochiev, Ivan"]
[WhiteFideId "13402390"]
[BlackFideId "2917890"]
[WhiteElo "2965"]
[BlackElo "2522"]
[Result "1-0"]
[Round "4"]
[TimeControl "180+1"]
[Date "2023.11.07"]
[WhiteClock "0:01:39"]
[BlackClock "0:00:05"]
[Board "110"]

1. Nf3 Nf6 2. g3 b6 3. Bg2 Bb7 4. O-O c5 5. d3 d5 6. Nbd2 e6 7. e4 dxe4 8. Ng5 Be7 9. dxe4 Nc6 10. f4 O-O 11. e5 Nd5 12. Nde4 Nc7 13. Nd6 Bxd6 14. exd6 Ne8 15. f5 Nxd6 16. fxe6 fxe6 17. Rxf8+ Qxf8 18. Nxe6 Qe7 19. Bg5 Qd7 20. Bf4 Nd4 21. Nxd4 cxd4 22. Bxb7 Nxb7 23. Qf3 Nc5 24. Qxa8+ 1-0


[Site "https://www.chess.com"]

[Event "Titled Tuesday Blitz November 07 Early 2023"]
[White "Khamdamova, Afruza"]
[Black "Golizadeh, Asghar"]
[WhiteFideId "14210444"]
[BlackFideId "12505269"]
[WhiteElo "2515"]
[BlackElo "2849"]
[Result "0-1"]
[Round "4"]
[TimeControl "180+1"]
[Date "2023.11.07"]
[WhiteClock "0:00:00"]
[BlackClock "0:00:35"]
[Board "111"]

1. e4 c5 2. Nf3 e6 3. d4 cxd4 4. Nxd4 a6 5. Bd3 Bc5 6. Nb3 Be7 7. O-O d6 8. c4 Nf6 9. Nc3 b6 10. Be3 Nbd7 11. f4 Qc7 12. Kh1 Bb7 13. Rc1 h5 14. Nd2 h4 15. h3 Nh5 16. Re1 Rc8 17. b4 g6 18. Nf1 O-O 19. a4 Qb8 20. f5 Ne5 21. Be2 Ng7 22. f6 Bxf6 23. Bxb6 Nxc4 24. Bd4 Bg5 25. Rc2 Ne5 26. b5 Qa8 27. bxa6 Bxa6 28. Nb5 Rxc2 29. Qxc2 Rc8 30. Qb2 Ne8 31. Bxe5 dxe5 32. Qxe5 Bf6 33. Qf4 Bb7 34. Bf3 Qxa4 35. Rb1 g5 36. Qd2 Rd8 37. Qe2 Be5 38. Qe1 Nf6 0-1


[Site "https://www.chess.com"]

[Event "Titled Tuesday Blitz November 07 Early 2023"]
[White "LouieKov2022"]
[Black "Molina, Roberto Junio Brito"]
[BlackFideId "2109450"]
[WhiteElo "2515"]
[BlackElo "2793"]
[Result "0-1"]
[Round "4"]
[TimeControl "180+1"]
[Date "2023.11.07"]
[WhiteClock "0:00:44"]
[BlackClock "0:01:44"]
[Board "112"]

1. e4 c6 2. d4 d5 3. Nd2 dxe4 4. Nxe4 Nd7 5. Nf3 Ngf6 6. Bd3 Nxe4 7. Bxe4 Nf6 8. Bd3 Bf5 9. Bxf5 Qa5+ 10. c3 Qxf5 11. O-O e6 12. Qb3 Qb5 13. Qc2 Be7 14. c4 Qb6 15. Be3 Qc7 16. Bg5 O-O 17. Ne5 Rad8 18. Rad1 Rfe8 19. Rfe1 Nd7 20. Bxe7 Rxe7 21. Nf3 Nf6 22. h3 Red7 23. Rd2 c5 24. Red1 cxd4 25. Nxd4 a6 26. c5 h6 27. b4 Rd5 28. Nb3 b6 29. Rxd5 Nxd5 30. a3 a5 31. Qc4 axb4 32. axb4 bxc5 33. bxc5 Rc8 34. Rc1 Qe5 35. Nd4 Nf4 36. c6 Qxd4 37. Qxd4 Ne2+ 0-1


[Site "https://www.chess.com"]

[Event "Titled Tuesday Blitz November 07 Early 2023"]
[White "Socko, Bartosz"]
[Black "a-z30"]
[WhiteFideId "1107038"]
[WhiteElo "2756"]
[BlackElo "2512"]
[Result "1-0"]
[Round "4"]
[TimeControl "180+1"]
[Date "2023.11.07"]
[WhiteClock "0:00:58"]
[BlackClock "0:00:00"]
[Board "113"]

1. g3 c5 2. Bg2 g6 3. Nf3 Bg7 4. c4 Nc6 5. O-O d6 6. e3 Nf6 7. d4 O-O 8. d5 Na5 9. Nbd2 a6 10. a4 Bf5 11. Re1 Ne4 12. g4 Nxd2 13. Nxd2 Bd3 14. Ra3 Bxc4 15. b3 Bd3 16. b4 c4 17. bxa5 Qxa5 18. Bf1 Qxd5 19. Bxd3 cxd3 20. Qf3 Qc6 21. Qxc6 bxc6 22. Rxd3 c5 23. Nc4 Rab8 24. Bd2 Rb7 25. Kf1 Rfb8 26. Ke2 Rb1 27. h4 h6 28. h5 g5 29. f4 Rxe1+ 30. Bxe1 gxf4 31. exf4 Bd4 32. Ne3 Bxe3 33. Rxe3 Rb2+ 34. Kf3 e6 35. f5 e5 36. Rd3 Rb6 37. Ke4 1-0


[Site "https://www.chess.com"]

[Event "Titled Tuesday Blitz November 07 Early 2023"]
[White "Starozhilov, Leonid"]
[Black "Grossboss19"]
[WhiteFideId "14106752"]
[WhiteElo "2691"]
[BlackElo "2502"]
[Result "1/2-1/2"]
[Round "4"]
[TimeControl "180+1"]
[Date "2023.11.07"]
[WhiteClock "0:00:03"]
[BlackClock "0:00:15"]
[Board "114"]

1. c4 e6 2. Nf3 c5 3. Nc3 Nc6 4. e4 a6 5. d4 cxd4 6. Nxd4 Qc7 7. Be3 Bb4 8. Qb3 Nge7 9. a3 Ba5 10. Be2 Nxd4 11. Bxd4 Nc6 12. Be3 Qe5 13. O-O Nd4 14. Qd1 Nxe2+ 15. Qxe2 O-O 16. f4 Qc7 17. b4 Bb6 18. c5 Ba7 19. Rac1 d6 20. cxd6 Bxe3+ 21. Qxe3 Qxd6 22. Rfd1 Qe7 23. Na4 b5 24. Nc5 e5 25. f5 a5 26. Rd2 axb4 27. axb4 Rd8 28. h3 Bd7 29. Rcd1 Be8 30. Kh2 f6 31. Rd5 Bf7 32. Rd7 Qf8 33. R1d2 Rxd7 34. Rxd7 Rd8 35. Qd2 Rxd7 36. Qxd7 Qe8 37. Qc7 h5 38. Nb7 Qa8 39. Nd6 Ba2 40. Qe7 Qb8 41. Ne8 Bf7 42. Nd6 Ba2 43. Ne8 Bf7 44. Nd6 Ba2 1/2-1/2


[Site "https://www.chess.com"]

[Event "Titled Tuesday Blitz November 07 Early 2023"]
[White "dodoucb"]
[Black "Kosteniuk, Alexandra"]
[BlackFideId "4128125"]
[WhiteElo "2483"]
[BlackElo "2683"]
[Result "1/2-1/2"]
[Round "4"]
[TimeControl "180+1"]
[Date "2023.11.07"]
[WhiteClock "0:00:05"]
[BlackClock "0:00:44"]
[Board "115"]

1. d4 Nf6 2. Nf3 g6 3. c4 Bg7 4. Nc3 O-O 5. e4 d6 6. Be2 Nbd7 7. O-O c5 8. Be3 b6 9. Re1 Bb7 10. d5 a6 11. Qd2 Ng4 12. Bf4 Nge5 13. Nxe5 Nxe5 14. Bh6 Bc8 15. Bxg7 Kxg7 16. f4 Nd7 17. Bf3 f6 18. Bg4 b5 19. cxb5 axb5 20. Nxb5 Nb6 21. Bxc8 Qxc8 22. Nc3 Qb8 23. b3 Nd7 24. Kh1 Qb4 25. Rad1 Ra7 26. h4 c4 27. bxc4 Qxc4 28. Re3 Rc8 29. Rh3 Ra3 30. Rc1 Nc5 31. Re3 Na4 32. Ne2 Rxa2 33. Rxc4 Rxd2 34. Rxc8 Nc5 35. Ng3 Rf2 36. e5 Rxf4 37. exd6 Rxh4+ 38. Kg1 exd6 39. Rc7+ Kh6 40. Ree7 Rd4 41. Rxh7+ Kg5 42. Kh2 Rxd5 43. Ne2 f5 44. Ng1 Rd1 45. Nf3+ Kf4 46. Rcg7 Ne4 47. Rxg6 d5 48. Rh4+ Ke3 49. Re6 f4 50. Ng5 Rd2 51. Nxe4 dxe4 52. Kg1 Rd1+ 53. Kh2 Rd2 54. Kg1 Rd1+ 55. Kh2 Rd2 1/2-1/2


[Site "https://www.chess.com"]

[Event "Titled Tuesday Blitz November 07 Early 2023"]
[White "Adla, Diego"]
[Black "Devaev, Alexander"]
[WhiteFideId "100072"]
[BlackFideId "4169395"]
[WhiteElo "2667"]
[BlackElo "2474"]
[Result "1-0"]
[Round "4"]
[TimeControl "180+1"]
[Date "2023.11.07"]
[WhiteClock "0:01:29"]
[BlackClock "0:00:00"]
[Board "116"]

1. e4 c6 2. d4 d5 3. exd5 cxd5 4. c4 Nf6 5. Nc3 e6 6. Nf3 Bb4 7. cxd5 Nxd5 8. Qc2 Nc6 9. Bd3 h6 10. O-O O-O 11. Rd1 Be7 12. a3 Bf6 13. Bh7+ Kh8 14. Be4 Nce7 15. Ne5 Bd7 16. Qe2 Rc8 17. Qh5 Bxe5 18. dxe5 Nxc3 19. bxc3 Ng6 20. Bxh6 Kg8 21. Bg5 Qc7 22. Bf6 Be8 23. Rd3 Qxc3 24. Rxc3 Rxc3 25. Be7 1-0


[Site "https://www.chess.com"]

[Event "Titled Tuesday Blitz November 07 Early 2023"]
[White "Shuvalova, Polina"]
[Black "Grochal, Joey"]
[WhiteFideId "24171760"]
[BlackFideId "1019945"]
[WhiteElo "2665"]
[BlackElo "2469"]
[Result "1-0"]
[Round "4"]
[TimeControl "180+1"]
[Date "2023.11.07"]
[WhiteClock "0:00:27"]
[BlackClock "0:00:13"]
[Board "117"]

1. Nf3 Nf6 2. g3 b6 3. Bg2 Bb7 4. d3 d5 5. O-O Nbd7 6. c4 dxc4 7. dxc4 e6 8. b3 Be7 9. Bb2 O-O 10. Nc3 Qc8 11. Qc2 Nc5 12. Rad1 Nce4 13. Nxe4 Bxe4 14. Qc1 Qb7 15. Rd2 Rfd8 16. Rfd1 Rxd2 17. Rxd2 Rd8 18. Rxd8+ Bxd8 19. Qd2 Be7 20. Be5 c5 21. Ne1 Bxg2 22. Nxg2 Qd7 23. Qxd7 Nxd7 24. Bc7 e5 25. e4 Bg5 26. f4 exf4 27. gxf4 Bf6 28. Kf2 Bd4+ 29. Kf3 f6 30. a4 Kf7 31. a5 bxa5 32. Bxa5 Ke6 33. Ne1 Kd6 34. Nd3 Kc6 35. Kg4 g6 36. Bd8 Nb6 37. e5 fxe5 38. fxe5 Kd7 39. Bxb6 axb6 40. Kf4 Ke6 41. Ke4 Ba1 42. Nf4+ Kf7 43. Kd5 g5 44. Nd3 h5 45. Kd6 g4 46. Kd7 Kg6 47. e6 Bf6 48. Nf4+ Kh6 49. Nd5 Bg5 50. e7 Bxe7 51. Kxe7 h4 52. Kf6 h3 53. Ne3 Kh5 54. Nf5 1-0


[Site "https://www.chess.com"]